 Dungeon Crawl Stone Soup version 0.31-a0-704-g1016066182 (webtiles) character file.

Game seed: 3853442060790601124

5872 Conn the Sneak (level 10, -5/58 HPs)
             Began as an Octopode Fire Elementalist on Sept 9, 2023.
             Was a Believer of Sif Muna.
             Slain by a large abomination (27 damage)
             ... on level 2 of the Abyss.
             The game lasted 00:27:59 (9532 turns).

Conn the Sneak (Octopode Fire Elementalist)         Turns: 9532, Time: 00:28:02

Health: -5/58      AC: 17    Str:  7    XL:     10   Next: 81%
Magic:  3/19       EV: 15    Int: 22    God:    Sif Muna [**....]
Gold:   475        SH:  8    Dex: 19    Spells: 0/21 levels left

rFire   . . .        B - +1 short sword (protect)
rCold   . . .        a - +2 buckler
rNeg    . . .        (helmet restricted)
rPois   .            (no amulet)
rElec   .            d - +4 ring of protection
rCorr   +            i - +4 ring of protection
SInv    +            v - ring of see invisible
Will    .....        w - +4 ring of protection
Stlth   +++++        q - ring of resist corrosion
HPRegen 0.29/turn    C - +4 ring of protection
MPRegen 0.16/turn    y - +6 ring of dexterity
                     (no ring)

%: clarity
@: no status effects
A: almost no armour, amphibious, 8 rings, camouflage 1, gelatinous body 1,
(nimble swimmer 1), tentacles, clarity, frail 1
a: Renounce Religion, Channel Magic


You were on level 2 of the Abyss.
You worshipped Sif Muna.
Sif Muna was pleased with you.
You visited 2 branches of the dungeon, and saw 11 of its levels.
You visited the Abyss 1 time.

You collected 475 gold pieces.

Inventory:

Hand Weapons
 l - a +1 dagger of draining
 u - the +5 falchion "Secret Weapon" {elec, rElec rC- rN+ Str+2}
   (You found it on level 5 of the Dungeon)

   Str+2:     It affects your strength (+2).
   rC-:       It makes you vulnerable to cold.
   rElec:     It insulates you from electricity.
   rN+:       It protects you from negative energy.
 B - a +1 short sword of protection (weapon)
 I - the +5 rapier of the Shrike {flame, rCorr Int-4 SInv}
   (You found it on level 8 of the Dungeon)

   Int-4:     It affects your intelligence (-4).
   SInv:      It lets you see invisible.
   rCorr:     It protects you from acid and corrosion.
Missiles
 e - 20 poisoned darts (quivered)
 m - 4 throwing nets
Armour
 a - a +2 buckler (worn)
 s - a +0 tower shield
 z - a +0 kite shield
Jewellery
 d - a +4 ring of protection (left tentacle)
 i - a +4 ring of protection (right tentacle)
 q - a ring of resist corrosion (on tentacle)
 v - a ring of see invisible (on tentacle)
 w - a +4 ring of protection (on tentacle)
 y - a +6 ring of dexterity (on tentacle)
 C - a +4 ring of protection (on tentacle)
Wands
 x - a wand of flame (33)
Scrolls
 c - 2 scrolls of amnesia
 f - a scroll of noise
 h - a scroll of blinking
 o - 2 scrolls of revelation
 t - 2 scrolls of fog
 D - 2 scrolls of fear
 F - a scroll of immolation
Potions
 b - 4 potions of curing
 j - a potion of mutation
 n - 2 potions of enlightenment
 p - 3 potions of heal wounds
 r - a potion of ambrosia {unknown}
 A - 3 potions of haste
 E - a potion of lignification
 G - a potion of might
 H - a potion of berserk rage {unknown}
 J - a potion of invisibility


   Skills:
 + Level 4.5 Fighting
 + Level 5.2 Dodging
 - Level 7.2 Stealth
 * Level 4.2 Shields
 * Level 6.4 Spellcasting
 * Level 6.7 Conjurations
 - Level 3.0 Hexes
 + Level 1.3 Summonings
 + Level 5.5 Fire Magic
 + Level 1.3 Air Magic
 - Level 3.0 Earth Magic
 * Level 5.2 Invocations


You couldn't memorise any spells.
You knew the following spells:

 Your Spells              Type           Power      Damage    Failure   Level
a - Foxfire               Conj/Fire      100%       2x1d9     1%          1
b - Scorch                Fire           62%        2d7       2%          2
c - Inner Flame           Hex/Fire       25%        N/A       7%          3
d - Flame Wave            Conj/Fire      34%        2d10      11%         4
e - Stone Arrow           Conj/Erth      56%        3d10      5%          3
f - Summon Lightning Spi  Summ/Air       13%        N/A       61%         4
g - Airstrike             Air            6%         2d(1-17)  61%         4

Your spell library contained the following spells:

 Spells                   Type           Power      Damage    Failure   Level
 Static Discharge         Conj/Air       48%        2-4/arc   3%          2
 Sandblast                Erth           40%        2d10      4%          1
 Passwall                 Tmut/Erth      10%        N/A       11%         2
 Volatile Blastmotes      Fire/Tloc      38%        2d13      13%         3


Dungeon Overview and Level Annotations

Branches:
Dungeon (10/15)            Temple (1/1) D:5             Orc (0/2) D:9
   Lair: D:8-11

Altars:
Cheibriados
Dithmenos
Elyvilon
Fedhas
Hepliaklqana
Kikubaaqudgha
Makhleb
Nemelex Xobeh
Okawaru
Qazlal
Ru
Sif Muna
Trog
Uskayaw
Vehumet
Wu Jian
Xom
Yredelemnul
Zin
The Shining One

Shops:
D:10 *

Annotations:
D:6 2 runed translucent doors
D:10 1 runed translucent door, Sonja; paps's ghost, novice OpBr


Innate Abilities, Weirdness & Mutations

You cannot wear most types of armour.
You are amphibious.
You can wear up to eight rings at the same time.
Your skin changes colour to match your surroundings (Stealth+).
Your rubbery body absorbs attacks. (AC +1, EV +1)
((You are camouflaged when in or above water. (Stealth+)))
You have tentacles for arms and can constrict up to eight enemies at once.
You possess an exceptional clarity of mind.
You are frail. (-10% HP)


Message History

The large abomination is lightly damaged.
The large abomination's fire resistance burns away.
Casting: Scorch (safe; 2% risk of failure)
Confirm with . or Enter, or press ? or * to list all spells.
Flames lash the large abomination but do no damage.
Casting: Scorch (safe; 2% risk of failure)
Confirm with . or Enter, or press ? or * to list all spells.
Casting: Flame Wave (dangerous; 11% risk of failure)
Press: ? - help, Dir - look around, f - activate A wave of flame ripples out!
The flame wave engulfs the large abomination!
The large abomination is burned terribly!
The large abomination is moderately damaged. (Press . to intensify the flame waves.)
The large abomination hits you!!
A wave of flame ripples out!
The flame wave engulfs the large abomination!
The large abomination is burned terribly!
The large abomination is heavily damaged.
The large abomination is no longer more vulnerable to fire.
The large abomination hits you!!
* * * LOW HITPOINT WARNING * * *
You feel much better.
Casting: Flame Wave (dangerous; 11% risk of failure)
Confirm with . or Enter, or press ? or * to list all spells.
Flames lash the large abomination.
The large abomination is severely damaged.
The large abomination's fire resistance burns away.
The large abomination hits you!
Unknown command.
Casting: Scorch (safe; 2% risk of failure)
Confirm with . or Enter, or press ? or * to list all spells.
Casting: Flame Wave (dangerous; 11% risk of failure)
Press: ? - help, Dir - look around, f - activate A wave of flame ripples out!
The flame wave engulfs the large abomination but does no damage.
The large abomination is severely damaged. (Press . to intensify the flame waves.)
The large abomination hits you!!
You die...

# . # . #.###
.# ... .# .## #
#....
##..##.... # #
#### ##
#.#.##.. #.
#..##.# ..#.# .
# .
##.#@##..#.....
#. . # #.#X.#
.#. .#.#. #.# #
...#.###. ..#
.##. .
...#...... . .
.. ..# #
...#..#.###
#..##.... . .
..#..#..##
#.###. ...# >
.... #.# .#
.#.#.# # ###..#
. . .# # ## ###
. . ##


You could see a large abomination (combustible).

Vanquished Creatures
  Joseph (D:9)
  An unseen horror (D:7)
  Psyche (D:9)
  2 kobold demonologists
  Prince Ribbit (D:9)
  Sigmund (D:2)
  6 yaks (D:8)
  Menkaure (D:7)
  Edmund (D:5)
  2 water moccasins
  A swamp drake (D:9)
  7 orc warriors
  A sky beast (D:8)
  An ice beast (D:5)
  A black bear (D:6)
  An ogre (D:4)
  2 centaurs
  A phantom (D:7)
  Blork the orc (D:5)
  3 kobold brigands
  A gnoll sergeant (D:6)
  2 scorpions (D:6)
  A howler monkey (D:7)
  2 jellies
  6 orc priests
  2 hounds (D:6)
  A gnoll bouda (D:6)
  3 iguanas
  3 sleepcaps
  9 orc wizards
  Robin (D:2)
  7 adders
  6 gnolls
  A shadow imp (D:8)
  2 white imps
  3 ufetubi
  A worm (D:3)
  A dart slug (D:2)
  44 orcs
  4 ball pythons
  7 endoplasms
  A giant cockroach (D:3)
  18 goblins
  4 hobgoblins
  2 jackals (D:2)
  A quokka (D:3)
  A bat (D:3)
  5 frilled lizards (D:1)
  14 kobolds
  2 rats
191 creatures vanquished.

Vanquished Creatures (collateral kills)
  A gnoll sergeant (D:9)
  3 gnolls (D:9)
  An orc (D:3)
5 creatures vanquished.

Vanquished Creatures (others)
  477 foxfires
477 creatures vanquished.

Grand Total: 673 creatures vanquished

Notes
Turn   | Place    | Note
-------+----------+-------------------------------------------
     0 | D:1      | Conn the Octopode Fire Elementalist began the quest for the
                  | Orb.
     0 | D:1      | Reached XP level 1. HP: 11/11 MP: 3/3
   335 | D:1      | Reached XP level 2. HP: 17/17 MP: 0/5
   622 | D:1      | Learned a level 2 spell: Scorch
   965 | D:2      | Found an iron altar of Okawaru.
   965 | D:2      | Noticed Sigmund
   973 | D:2      | Reached skill level 3 in Stealth
  1078 | D:2      | Noticed Robin
  1135 | D:1      | Reached XP level 3. HP: 22/22 MP: 3/6
  1139 | D:1      | Learned a level 3 spell: Inner Flame
  1212 | D:2      | Killed Robin
  1376 | D:2      | Killed Sigmund
  1377 | D:2      | Reached skill level 1 in Fighting
  1377 | D:2      | Reached XP level 4. HP: 28/28 MP: 0/8
  1377 | D:2      | Reached XP level 5. HP: 33/33 MP: 0/9
  1836 | D:2      | Learned a level 4 spell: Flame Wave
  1926 | D:3      | Reached XP level 6. HP: 13/39 MP: 5/10
  1991 | D:3      | Reached skill level 4 in Stealth
  2888 | D:4      | Found a bloodstained altar of Trog.
  3292 | D:4      | Reached XP level 7. HP: 45/45 MP: 4/12
  3295 | D:4      | Reached skill level 1 in Hexes
  3592 | D:4      | Found a shimmering blue altar of Sif Muna.
  3596 | D:4      | Became a worshipper of Sif Muna the Loreminder
  3630 | D:5      | Entered Level 5 of the Dungeon
  3845 | D:5      | Noticed Blork the orc
  3856 | D:5      | Killed Blork the orc
  3949 | D:5      | Found an ornate altar of the Wu Jian Council.
  3976 | D:5      | Learned a level 3 spell: Stone Arrow
  4077 | D:5      | Found a staircase to the Ecumenical Temple.
  4091 | Temple   | Entered the Ecumenical Temple
  4179 | D:5      | Noticed Edmund
  4216 | D:5      | Killed Edmund
  4452 | D:6      | Reached XP level 8. HP: 44/51 MP: 4/14
  4643 | D:6      | Found a runed translucent door.
  4649 | D:6      | Found a runed translucent door.
  4659 | D:6      | Gained mutation: You possess an exceptional clarity of
                  | mind. [potion of mutation]
  4659 | D:6      | Gained mutation: You are vulnerable to cold. (rC-) [potion
                  | of mutation]
  4659 | D:6      | Gained mutation: You have a pair of small antennae on your
                  | head. [potion of mutation]
  4660 | D:6      | Lost mutation: You have a pair of small antennae on your
                  | head. [potion of mutation]
  4660 | D:6      | Lost mutation: You are vulnerable to cold. (rC-) [potion of
                  | mutation]
  4660 | D:6      | Lost mutation: You possess an exceptional clarity of mind.
                  | [potion of mutation]
  4660 | D:6      | Gained mutation: You are frail. (-10% HP) [potion of
                  | mutation]
  4660 | D:6      | Gained mutation: You possess an exceptional clarity of
                  | mind. [potion of mutation]
  4667 | D:6      | Reached skill level 5 in Stealth
  4762 | D:6      | Reached skill level 1 in Earth Magic
  4838 | D:6      | Found a hazy altar of Hepliaklqana.
  5092 | D:6      | Noticed a kobold demonologist
  5107 | D:6      | Killed a kobold demonologist
  5108 | D:6      | Reached skill level 1 in Invocations
  5516 | D:6      | Reached skill level 5 in Conjurations
  5924 | D:7      | Reached XP level 9. HP: 51/51 MP: 10/16
  5997 | D:7      | Reached * piety under Sif Muna
  5998 | D:7      | Reached skill level 1 in Shields
  5998 | D:7      | Reached skill level 5 in Spellcasting
  6091 | D:5      | Identified the +5 falchion "Secret Weapon" {elec, rElec rC-
                  | rN+ Str+2}
  6455 | D:7      | Noticed an unseen horror
  6456 | D:7      | Noticed Menkaure
  6464 | D:7      | Killed an unseen horror
  6465 | D:7      | Reached skill level 6 in Stealth
  6466 | D:7      | Killed Menkaure
  6869 | D:8      | Found an ancient bone altar of Kikubaaqudgha.
  7232 | D:8      | Reached skill level 5 in Fire Magic
  7247 | D:8      | Reached XP level 10. HP: 46/56 MP: 4/18
  7408 | D:8      | Identified the +5 rapier of the Shrike {flame, rCorr Int-4
                  | SInv}
  7948 | D:9      | Noticed Joseph
  7966 | D:9      | Learned a level 4 spell: Summon Lightning Spire
  7996 | D:9      | Killed Joseph
  8154 | D:9      | Noticed Prince Ribbit
  8190 | D:9      | Killed Prince Ribbit
  8246 | D:9      | Noticed Psyche
  8251 | D:9      | Killed Psyche
  8252 | D:9      | Reached skill level 5 in Dodging
  8396 | D:9      | Reached ** piety under Sif Muna
  8601 | D:9      | Noticed a kobold demonologist
  8609 | D:9      | Killed a kobold demonologist
  8610 | D:9      | Reached skill level 7 in Stealth
  8610 | D:9      | Reached skill level 1 in Summonings
  8610 | D:9      | Reached skill level 1 in Air Magic
  8610 | D:9      | Reached skill level 5 in Invocations
  8899 | D:9      | Found a staircase to the Orcish Mines.
  9424 | D:9      | Learned a level 4 spell: Airstrike
  9433 | D:10     | Entered Level 10 of the Dungeon
  9439 | D:10     | Found Zin's Purification Station.
  9442 | D:10     | Found a glowing silver altar of Zin.
  9446 | D:10     | Noticed paps's ghost (novice OpBr)
  9452 | D:10     | Found a runed translucent door.
  9491 | D:10     | Noticed Sonja
  9492 | Abyss:2  | Found an iron altar of Okawaru.
  9492 | Abyss:2  | Cast into level 2 of the Abyss (Sonja)
  9532 | Abyss:2  | Slain by a large abomination

Illustrated notes

Levels and vault maps discovered:
D:1:      wander_arrival_chamber, layout_loops_ring
D:2:      layout_rooms, basic_altar, kennysheep_generic_room_3, uniq_robin,
          uniq_sigmund
D:3:      layout_loops_ring, serial_aquarium, aquarium_bridge_long_separate
          [aquarium_subvault_bridge, aquarium_subvault_wall,
          aquarium_subvault_bridge, aquarium_subvault_bridge,
          aquarium_subvault_bridge, aquarium_subvault_bridge],
          aquarium_bridge_square [aquarium_subvault_window,
          aquarium_subvault_wall, aquarium_subvault_bridge,
          aquarium_subvault_window], aquarium_window_corridor_3,
          aquarium_window_fake, aquarium_view_2a, aquarium_view_2a, hex_tiny
D:4:      layout_basic, led_sif_book, trog_three_pillars_becter,
          minmay_fountain_box
D:5:      layout_loops_cross, nicolae_wu_jian_glorious_leap,
          minmay_temple_entry_stoned_glass, uniq_edmund, uniq_blork_the_orc
D:6:      lemuel_insect_pit, layout_gridville,
          worldfamousw_hep_ancestral_shrine, minmay_bent
D:7:      layout_basic, uniq_menkaure
D:8:      layout_gridville, mainiacjoe_overflow_surrounded_room
D:9:      layout_irregular_city, erik_orc_1, uniq_joseph, uniq_prince_ribbit1,
          uniq_psyche
D:10:     layout_long_grid, nicolae_overflow_two_pavilions, zin_purify,
          due_lair_maze_entry_diamond, hellmonk_ghost_big_iron,
          nicolae_good_shop, uniq_sonja
Temple:   compressed_dpeg_circular_temple
Abyss:2:  base: D:4, base: D:3, base: Temple, hangedman_decor_riveting

Skill      XL: |  1  2  3  4  5  6  7  8  9 10 |
---------------+-------------------------------+-----
Stealth        | 3 4 5 6 7 |  7.2
Fighting       | 1 2 3 4 |  4.5
Spellcasting   | 3 4 5 6 |  6.4
Conjurations   | 2 3 4 5 6 |  6.7
Dodging        | 3 4 5 |  5.2
Hexes          | 1 2 3 |  3.0
Fire Magic     | 4 5 |  5.5
Earth Magic    | 1 2 3 |  3.0
Invocations    | 2 4 5 |  5.2
Shields        | 3 4 |  4.2
Summonings     | 1 |  1.3
Air Magic      | 1 |  1.3

Action                     |  1- 3 |  4- 6 |  7- 9 | 10-12 || total
---------------------------+-------+-------+-------+-------++-------
  Melee: Unarmed           |    19 |       |       |       ||    19
         Constrict         |     4 |     6 |     5 |     9 ||    24
         Tentacles         |     2 |     6 |     9 |     7 ||    24
         Dagger            |       |    26 |    10 |       ||    36
         Punch             |       |     1 |       |     2 ||     3
         Short sword       |       |       |    30 |    45 ||    75
  Throw: Dart              |       |     5 |     2 |     4 ||    11
   Cast: Foxfire           |    37 |    33 |   118 |    81 ||   269
         Scorch            |     9 |     4 |    39 |    23 ||    75
         Inner Flame       |       |     1 |     4 |     6 ||    11
         Flame Wave        |       |       |     6 |     8 ||    14
         Stone Arrow       |       |       |       |     1 ||     1
 Invoke: Channel Magic     |       |       |     1 |       ||     1
    Use: Scroll            |       |     2 |    13 |     5 ||    20
         Potion            |       |     1 |     7 |     3 ||    11
   Stab: Sleeping          |       |     4 |     7 |     4 ||    15
         Distracted        |       |     1 |       |       ||     1
 Armour: Skin              |    16 |    22 |    50 |    46 ||   134
  Dodge: Dodged            |    12 |    29 |    57 |    64 ||   162
  Block: Buckler           |       |       |       |    22 ||    22

Table legend: (Time is in decaauts)
 A = Elapsed time spent in this place.
 B = Non-inter-level travel time spent in this place.
 C = Inter-level travel time spent in this place.
 D = Time resting spent in this place.
 E = Time spent auto-exploring this place.
 F = Levels seen in this place.
 G = Mean time per level.
                   A        B        C        D        E       F      G
               +--------+--------+--------+--------+--------+-----+--------+
         Total |   9532 |   9294 |    238 |    330 |   6509 |  12 |  794.3 |
       Dungeon |   9491 |   9253 |    238 |    330 |   6509 |  10 |  949.1 |
        Temple |      1 |      1 |      0 |      0 |      0 |   1 |    1.0 |
         Abyss |     39 |     39 |      0 |      0 |      0 |   1 |   39.0 |
               +--------+--------+--------+--------+--------+-----+--------+

Top non-repeatable levels by time:
     D:9: 1657 daAuts
     D:6: 1569 daAuts
     D:1: 1280 daAuts
     D:8: 1053 daAuts
     D:3: 985 daAuts
     D:5: 825 daAuts
     D:4: 746 daAuts
     D:7: 694 daAuts
     D:2: 620 daAuts
    D:10: 58 daAuts
 Abyss:2: 39 daAuts
  Temple: 1 daAuts
